 Dungeon Crawl Stone Soup version 0.30.1-11-g7821555f0a (webtiles) character file.

Game seed: 7195771524123626523

145 Gelogger the Grave Robber (level 5, 0/38 HPs)
             Began as a Hill Orc Necromancer on Nov 20, 2023.
             Slain by a phantom (4 damage)
             ... on level 4 of the Dungeon.
             The game lasted 00:35:36 (2339 turns).

Gelogger the Grave Robber (Hill Orc Necromancer)    Turns: 2339, Time: 00:35:37

Health: 0/38       AC:  3    Str: 11    XL:     5   Next: 27%
Magic:  7/8        EV: 12    Int: 17    God:
Gold:   140        SH:  0    Dex: 11    Spells: 5/9 levels left

rFire   x . .        j - +0 sling (freeze)
rCold   + . .        (no shield)
rNeg    . . .        a - +0 robe
rPois   .            (no helmet)
rElec   .            c - +0 cloak
rCorr   .            (no gloves)
SInv    .            (no boots)
Will    .....        (no amulet)
Stlth   ++           q - ring of ice
HPRegen 0.26/turn    (no ring)
MPRegen 0.11/turn

%: no passive effects
@: no status effects
A: no striking features
a: no special abilities


You were on level 4 of the Dungeon.
You visited 1 branch of the dungeon, and saw 4 of its levels.

You collected 218 gold pieces.
You spent 78 gold pieces at shops.

Inventory:

Hand Weapons
 d - a +0 dagger
 j - a +0 sling of freezing (weapon)
Missiles
 l - 22 stones
Armour
 a - a +0 robe (worn)
 c - a +0 cloak (worn)
Jewellery
 q - a ring of ice (left hand)
Wands
 n - a wand of charming (3)
 t - a wand of polymorph (10)
 u - a wand of roots (5)
Scrolls
 f - 4 scrolls of teleportation
 g - 9 scrolls of identify {unknown}
 i - a scroll of brand weapon {unknown}
 k - a scroll of poison {unknown}
 s - a scroll of vulnerability {unknown}
Potions
 b - a potion of magic
 e - 2 potions of flight {unknown}
 h - 2 potions of lignification {unknown}
 m - a potion of curing
 o - a potion of resistance {unknown}
 p - a potion of haste {unknown}
 r - a potion of berserk rage {unknown}


   Skills:
 + Level 0.1 Fighting
 + Level 0.7 Ranged Weapons
 + Level 1.8 Dodging
 + Level 1.7 Stealth
 + Level 2.6 Spellcasting
 + Level 5.3 Necromancy


You had 5 spell levels left.
You knew the following spells:

 Your Spells              Type           Power      Damage    Failure   Level
a - Necrotise             Necr           80%        1d8       1%          1
b - Vampiric Draining     Necr           20%        2d7       6%          3

Your spell library contained the following spells:

 Spells                   Type           Power      Damage    Failure   Level
 Foxfire                  Conj/Fire      8%         2x1d4     19%         1
 Animate Dead             Necr           20%        N/A       21%         4
 Agony                    Necr           20%        N/A       50%         5
 Fireball                 Conj/Fire      1%         3d3       99%         5
 Plasma Beam              Fire/Air       1%         2x1d12    100%        6
 Starburst                Conj/Fire      1%         6d3       100%        6


Dungeon Overview and Level Annotations

Branches:
Dungeon (4/15)
 Temple: D:4-7

Altars:
Dithmenos
Vehumet
Zin

Shops:
D:2 *   D:3 !

Annotations:
D:4 Eustachio


Message History

Eustachio mumbles some strange words.
The bat attacks as you move away! The bat closely misses you.
The bat hits you but does no damage. The bat closely misses you.
The bat hits you but does no damage. Eustachio hits you with a +0 falchion!
The bat barely misses you. The river rat closely misses you.
Eustachio attacks as you move away! Eustachio hits you with a +0 falchion!
The river rat attacks as you move away! The river rat bites you.
The bat attacks as you move away! The bat misses you.
The bat barely misses you. The bat closely misses you.
The bat hits you but does no damage.
Casting: Necrotise (safe; 1% risk of failure)
Confirm with . or Enter, or press ? or * to list all spells.
Aiming: Necrotise (safe; 1% risk of failure)
Press: ? - help, Shift-Dir - straight line, f - bat
Aim: a bat (summoned, chance to affect: 89%)
The bat writhes in agony.
The bat closely misses you. The bat barely misses you.
The bat hits you but does no damage. The river rat completely misses you.
Casting: Necrotise (safe; 1% risk of failure)
Confirm with . or Enter, or press ? or * to list all spells.
Aiming: Necrotise (safe; 1% risk of failure)
Press: ? - help, Shift-Dir - straight line, f/p - bat
Aim: a bat (severely wounded, summoned, chance to affect: 89%)
The bat writhes in agony.
You kill the bat!
The bat's corpse disappears in a puff of smoke!
Eustachio hits you with a +0 falchion.
The river rat bites you but does no damage.
Eustachio attacks as you move away! Eustachio hits you with a +0 falchion.
* * * LOW HITPOINT WARNING * * *
Eustachio mumbles some strange words.
Eustachio blinks!
The phantom attacks as you move away! The phantom hits you!
* * * LOW HITPOINT WARNING * * *
Eustachio mumbles some strange words.
The phantom attacks as you move away! The phantom closely misses you.
The phantom attacks as you move away! The phantom hits you.
* * * LOW HITPOINT WARNING * * *
The phantom attacks as you move away! The phantom hits you.
You die...

.######.....####
#.#..#.........
...............#
#@#..#.#)#####.
##############.#
#.#..<...# #.
#.# #b#.####.#
#. #.#
#r#......# #.
#.# #.########
#. #.# #.# #.
#.####.# #.
#..@Wb.# ##
######.# ###


You could see a phantom and a bat (summoned).

Vanquished Creatures
  An orc wizard (D:4)
  3 adders
  A worm (D:2)
  3 orcs (D:4)
  5 ball pythons
  6 bats
  4 endoplasms
  12 giant cockroaches
  5 goblins
  9 hobgoblins
  4 kobolds
  5 quokkas
  A frilled lizard (D:1)
  3 rats
62 creatures vanquished.

Vanquished Creatures (collateral kills)
  A dart slug (D:2)
  2 ball pythons
  An endoplasm (D:1)
  A giant cockroach (D:3)
  2 goblins
  2 quokkas (D:3)
  A frilled lizard (D:1)
  A rat (D:1)
11 creatures vanquished.

Grand Total: 73 creatures vanquished

Notes
Turn   | Place    | Note
-------+----------+-------------------------------------------
     0 | D:1      | Gelogger the Hill Orc Necromancer began the quest for the
                  | Orb.
     0 | D:1      | Reached XP level 1. HP: 14/14 MP: 3/3
    80 | D:1      | Reached XP level 2. HP: 19/20 MP: 1/4
   511 | D:1      | Reached XP level 3. HP: 26/26 MP: 2/5
   768 | D:2      | Found Kety's General Store.
   768 | D:2      | Found a glowing silver altar of Zin.
   799 | D:2      | Bought a scroll of teleportation for 39 gold pieces
   799 | D:2      | Bought a potion of curing for 39 gold pieces
  1067 | D:2      | Reached XP level 4. HP: 33/33 MP: 1/7
  1087 | D:2      | Reached skill level 5 in Necromancy
  1367 | D:2      | Learned a level 3 spell: Vampiric Draining
  1607 | D:3      | Found a faded altar of an unknown god.
  1787 | D:3      | Found a shadowy altar of Dithmenos.
  1787 | D:3      | Found a radiant altar of Vehumet.
  2013 | D:3      | Found Uzxirrie's Distillery.
  2255 | D:4      | Reached XP level 5. HP: 38/38 MP: 4/8
  2302 | D:4      | Noticed a phantom
  2316 | D:4      | Noticed Eustachio
  2339 | D:4      | Slain by a phantom

Illustrated notes

Levels and vault maps discovered:
D:1:      dpeg_arrival_windows_large_door, layout_basic, dk_noncrumbling_3,
          minmay_tetromino_t2
D:2:      layout_rooms, basic_altar, serial_shops, nicolae_shop_tiny_waterfront
D:3:      minmay_roachtagon, layout_basic, nicolae_overflow_two_pavilions,
          hellmonk_ecumenical_altar_arch_garden, serial_shops,
          nicolae_shop_industrial_runoff
D:4:      layout_basic, hex_intersection, uniq_eustachio

Skill      XL: |  1  2  3  4 |
---------------+-------------+-----
Spellcasting   | 2 |  2.6
Necromancy     | 5 |  5.3
Fighting       | |  0.1
Ranged Weapons | |  0.7
Dodging        | |  1.8
Stealth        | |  1.7

Action                     |  1- 3 |  4- 6 || total
---------------------------+-------+-------++-------
  Melee: Unarmed           |     5 |       ||     5
         Dagger            |    17 |       ||    17
   Fire: Sling             |     7 |    46 ||    53
   Cast: Necrotise         |    40 |    48 ||    88
 Armour: Robe              |     8 |    24 ||    32
  Dodge: Dodged            |    22 |    53 ||    75
